 Dungeon Crawl Stone Soup version 0.21.1-1-g345015f (webtiles) character file.

126 Hasart the Shield-Bearer (level 5, -8/42 HPs)
             Began as a Formicid Fighter on Apr 7, 2018.
             Was an Initiate of Okawaru.
             Killed by divine providence
             ... invoked by an orc priest
              (10 damage)
             ... on level 2 of the Dungeon.
             The game lasted 00:05:17 (2299 turns).

Hasart the Shield-Bearer (Formicid Fighter)         Turns: 2299, Time: 00:05:18

Health: -8/42      AC: 11    Str: 21    XL:     5   Next: 32%
Magic:  5/5        EV:  4    Int:  7    God:    Okawaru [......]
Gold:   113        SH:  9    Dex: 11    Spells: 4/4 levels left

rFire    + . .     SeeInvis +   a - +0 long sword
rCold    . . .     Gourm    .   c - +0 shield
rNeg     . . .     Faith    .   g - +0 plate armour
rPois    .         Spirit   .   (helmet unavailable)
rElec    .         Reflect  .   (no cloak)
rCorr    .         Harm     .   (no gloves)
MR       .....                  (no boots)
Stlth    ..........             (no amulet)
HPRegen  0.14/turn              i - ring of protection from fire
MPRegen  0.09/turn              (no ring)

@: drained
A: permanent stasis, dig shafts and tunnels, four strong arms, antennae 3
a: Dig, Shaft Self, Renounce Religion


You were on level 2 of the Dungeon.
You worshipped Okawaru.
Okawaru was noncommittal.
You were hungry.

You visited 1 branch of the dungeon, and saw 3 of its levels.

You collected 113 gold pieces.

Inventory:

Hand Weapons
 a - a +0 long sword (weapon)
Armour
 c - a +0 shield (worn)
 g - a +0 plate armour (worn)
Jewellery
 i - a ring of protection from fire (left hand)
Scrolls
 h - 2 scrolls of amnesia {unknown}
 k - a scroll of teleportation {unknown}
 m - a scroll of enchant armour {unknown}
 n - a scroll of fog {unknown}
 p - a scroll of enchant weapon {unknown}
 q - 2 scrolls of identify {unknown}
 r - a scroll of noise {unknown}
Potions
 d - a potion of might
 e - 2 potions of degeneration {unknown}
 j - a potion of heal wounds {unknown}
 l - a potion of berserk rage {unknown}
 o - 3 potions of curing {unknown}
Comestibles
 f - 4 rations


   Skills:
 + Level 3.9(3.3) Fighting
 * Level 3.3(2.7) Long Blades
 + Level 3.9(3.3) Armour
 + Level 1.2(0.7) Dodging
 + Level 4.3(3.7) Shields


You had 4 spell levels left.
You didn't know any spells.

Dungeon Overview and Level Annotations

Branches:
Dungeon (3/15)

Altars:
Okawaru


Innate Abilities, Weirdness & Mutations

You cannot be hasted, slowed, berserked, paralysed or teleported.
You can dig through walls and to a lower floor.
Your four strong arms can wield two-handed weapons with a shield.
You have a pair of large antennae on your head. (SInv)


Message History

You climb upwards.
There is a stone staircase leading down here.
Unknown command.
You hit the orc priest but do no damage.
The orc priest is moderately wounded.
You block the orc priest's attack.
You hit the orc priest.
The orc priest is severely wounded.
The orc priest hits you with a hand axe.
The orc priest invokes the aid of Beogh against you.
Pain shoots through your body!
* * * LOW HITPOINT WARNING * * *
Your shield and plate armour prevent you from hitting the orc priest.
The orc priest is severely wounded.
The orc priest barely misses you.
You closely miss the orc priest.
The orc priest is severely wounded.
The orc priest calls down the wrath of Beogh upon you.
Beogh smites you!
You die...

######## .......#
###### ######.#######
#....# #.##....#
#.#.## #.##....###.#.#
#.#.........#.#
######...#######o#.#
................@#.#
######.....###.###.#
#####.#...#.......#
#...#.....#.#.#######
#.#<#.....#.#.......#
#.###.#...#....####.#
#.....#...###.#####.#
########.......##....#
...........##..#####.#


You could see an orc priest.

Vanquished Creatures
  2 orc priests
  An ooze (D:2)
  A worm (D:3)
  A dart slug (D:1)
  4 orcs (D:3)
  7 bats
  5 giant cockroaches
  2 goblins
  8 hobgoblins
  2 jackals (D:1)
  6 kobolds
  3 quokkas
  3 frilled lizards
  9 rats
54 creatures vanquished.

Notes
Turn   | Place    | Note
-------+----------+-------------------------------------------
     0 | D:1      | Hasart the Formicid Fighter began the quest for the Orb.
     0 | D:1      | Reached XP level 1. HP: 18/18 MP: 1/1
   159 | D:1      | Reached XP level 2. HP: 19/24 MP: 2/2
   476 | D:1      | Reached XP level 3. HP: 29/29 MP: 3/3
   907 | D:1      | Reached skill level 4 in Shields
  1540 | D:2      | Reached XP level 4. HP: 31/36 MP: 4/4
  1584 | D:2      | Found an iron altar of Okawaru.
  1615 | D:2      | Became a worshipper of Warmaster Okawaru
  2023 | D:2      | Reached skill level 1 in Dodging
  2266 | D:3      | Reached XP level 5. HP: 41/42 MP: 5/5
  2297 | D:2      | HP: 2/42 [orc priest/nerve-wracking pain (12)]
  2299 | D:2      | Killed from afar by an orc priest

Skill      XL: |  1  2  3  4 |
---------------+-------------+-----
Shields        | 4 |  4.3
Long Blades    | 3 |  3.3
Dodging        | 1 |  1.2
Fighting       | |  3.9
Armour         | |  3.9

Action                   |  1- 3 |  4- 6 || total
-------------------------+-------+-------++-------
Melee: Long sword        |   123 |    57 ||   180
  Eat: Chunk             |     2 |     2 ||     4
Armor: Scale mail        |    73 |     5 ||    78
       Plate armour      |       |    29 ||    29
Dodge: Dodged            |    50 |    18 ||    68
Block: Shield            |    81 |    32 ||   113
       Rpst.: Long sword |    18 |     4 ||    22
